3L
OAKLAND OAKS @ DETROIT RENAISSANCE
08/12/2031
 
TOP OF THE 1ST
Oakland Oaks batting - Pitching for Detroit Renaissance : RHP Jimmy O'Flahavan
Pitching: RHP Jimmy O'Flahavan
Batting: SHB Luis Luquín 0-0: Called Strike
0-1: Called Strike
0-2: Ground out 4-3 (Groundball, 34D)
Batting: RHB Alfonso Nazario 0-0: Fly out, F7 (Flyball, 7LS)
Batting: RHB Yehonatan Chazan 0-0: Swinging Strike
0-1: Ball
1-1: Swinging Strike
1-2: Ball
2-2: Strikes out swinging
Top of the 1st over - 0 runs, 0 hits, 0 errors, 0 left on base; Oakland 0 - Detroit 0
BOTTOM OF THE 1ST
Detroit Renaissance batting - Pitching for Oakland Oaks : RHP Panda Montana
Pitching: RHP Panda Montana
Batting: RHB Pablo Marrero 0-0: Ball
1-0: Called Strike
1-1: Ball
2-1: Ground out 5-3 (Groundball, 5)
Batting: LHB Josh Platt 0-0: Ball
1-0: Fly out, F8 (Flyball, 78M)
Batting: LHB Javier Sánchez 0-0: Called Strike
0-1: Foul Ball, location: 2F
0-2: Ball
1-2: Ball
2-2: Ball
3-2: Fly out, F7 (Flyball, 7LS)
Bottom of the 1st over - 0 runs, 0 hits, 0 errors, 0 left on base; Oakland 0 - Detroit 0
TOP OF THE 2ND
Oakland Oaks batting - Pitching for Detroit Renaissance : RHP Jimmy O'Flahavan
Batting: RHB Mike Wazowski 0-0: Foul Ball, location: 2F
0-1: Ground out 1-3 (Groundball, P)
Batting: RHB Colin O'Connell 0-0: Ball
1-0: Fly out, F4 (Popup, 34S)
Batting: RHB Mark Finney 0-0: Foul Ball, location: 2F
0-1: Ball
1-1: Ball
2-1: Called Strike
2-2: Ball
3-2: Base on Balls
Batting: SHB Orlando Villa 0-0: Ball
1-0: Called Strike
1-1: Ball
2-1: Ball
3-1: Foul Ball, location: 2F
3-2: Fly out, F7 (Flyball, 7S)
Top of the 2nd over - 0 runs, 0 hits, 0 errors, 1 left on base; Oakland 0 - Detroit 0
BOTTOM OF THE 2ND
Detroit Renaissance batting - Pitching for Oakland Oaks : RHP Panda Montana
Batting: LHB Todd Henry 0-0: Called Strike
0-1: Ball
1-1: Ball
2-1: Swinging Strike
2-2: Strikes out swinging
Batting: LHB Alexis Raimbault 0-0: Ball
1-0: Swinging Strike
1-1: Ball
2-1: Swinging Strike
2-2: Ball
3-2: Strikes out swinging
Batting: RHB Moisés Quintana 0-0: Called Strike
0-1: Fly out, F7 (Flyball, 7LSF)
Bottom of the 2nd over - 0 runs, 0 hits, 0 errors, 0 left on base; Oakland 0 - Detroit 0
TOP OF THE 3RD
Oakland Oaks batting - Pitching for Detroit Renaissance : RHP Jimmy O'Flahavan
Batting: RHB Ricardo Téllez 0-0: Swinging Strike
0-1: Ball
1-1: Ground out 3-1 (Groundball, 34)
Batting: RHB Joseph Papasogli 0-0: Ground out 6-3 (Groundball, 6)
Batting: SHB Luis Luquín 0-0: Ball
1-0: Ground out 6-3 (Groundball, 6M)
Top of the 3rd over - 0 runs, 0 hits, 0 errors, 0 left on base; Oakland 0 - Detroit 0
BOTTOM OF THE 3RD
Detroit Renaissance batting - Pitching for Oakland Oaks : RHP Panda Montana
Batting: LHB Elian Gonzalez 0-0: Called Strike
0-1: Ball
1-1: Ball
2-1: Called Strike
2-2: DOUBLE (Line Drive, 9LM)
Batting: SHB David Martínez 0-0: Ball
1-0: Called Strike
1-1: Ground out 5-3 (Groundball, 56)
Batting: RHB Sixto Estrada 0-0: Called Strike
0-1: Ball
1-1: Foul Ball, location: 2F
1-2: Strikes out swinging
Batting: RHB Pablo Marrero 0-0: Ball
1-0: Ball
2-0: Swinging Strike
2-1: Ball
3-1: Base on Balls
Batting: LHB Josh Platt 0-0: Called Strike
0-1: Ball
1-1: Ball
2-1: Swinging Strike
2-2: Foul Ball, location: 2F
2-2: Foul Ball, location: 2F
2-2: Ball
3-2: Foul Ball, location: 2F
3-2: Foul Ball, location: 2F
3-2: Ground out 4-3 (Groundball, 4)
Bottom of the 3rd over - 0 runs, 1 hit, 0 errors, 2 left on base; Oakland 0 - Detroit 0
TOP OF THE 4TH
Oakland Oaks batting - Pitching for Detroit Renaissance : RHP Jimmy O'Flahavan
Batting: RHB Alfonso Nazario 0-0: Called Strike
0-1: Fly out, F4 (Popup, 23)
Batting: RHB Yehonatan Chazan 0-0: Called Strike
0-1: Ball
1-1: Fly out, F4 (Popup, 4S)
Batting: RHB Mike Wazowski 0-0: Ball
1-0: Ball
2-0: Called Strike
2-1: Foul Ball, location: 2F
2-2: Ball
3-2: Strikes out swinging
Top of the 4th over - 0 runs, 0 hits, 0 errors, 0 left on base; Oakland 0 - Detroit 0
BOTTOM OF THE 4TH
Detroit Renaissance batting - Pitching for Oakland Oaks : RHP Panda Montana
Batting: LHB Javier Sánchez 0-0: Ground out U3 (Groundball, 3)
Batting: LHB Todd Henry 0-0: Called Strike
0-1: Ball
1-1: Ball
2-1: Ball
3-1: Called Strike
3-2: SINGLE (Line Drive, 7S)
Batting: LHB Alexis Raimbault 0-0: Called Strike
0-1: Called Strike
0-2: Ball
1-2: 2-RUN HOME RUN (Flyball, 89XD), Distance : 395 ft
Batting: RHB Moisés Quintana 0-0: Called Strike
0-1: Ground out 4-3 (Groundball, 4)
Batting: LHB Elian Gonzalez 0-0: Called Strike
0-1: Ball
1-1: Called Strike
1-2: Foul Ball, location: 2F
1-2: Ground out 4-3 (Groundball, 4)
Bottom of the 4th over - 2 runs, 2 hits, 0 errors, 0 left on base; Oakland 0 - Detroit 2
TOP OF THE 5TH
Oakland Oaks batting - Pitching for Detroit Renaissance : RHP Jimmy O'Flahavan
Batting: RHB Colin O'Connell 0-0: Called Strike
0-1: Called Strike
0-2: Strikes out swinging, 2-3 out at first.
Batting: RHB Mark Finney 0-0: Called Strike
0-1: Called Strike
0-2: Strikes out swinging
Batting: SHB Orlando Villa 0-0: Ball
1-0: Ball
2-0: Called Strike
2-1: Foul Ball, location: 2F
2-2: Strikes out swinging
Top of the 5th over - 0 runs, 0 hits, 0 errors, 0 left on base; Oakland 0 - Detroit 2
BOTTOM OF THE 5TH
Detroit Renaissance batting - Pitching for Oakland Oaks : RHP Panda Montana
Batting: SHB David Martínez 0-0: Ball
1-0: Ball
2-0: Ball
3-0: Called Strike
3-1: Base on Balls
Batting: RHB Sixto Estrada 0-0: Ball
1-0: Ball
2-0: Ball
3-0: Called Strike
3-1: Called Strike
3-2: Strikes out swinging
Batting: RHB Pablo Marrero 0-0: Ball
1-0: Ball
2-0: Foul Ball, location: 2F
2-1: Foul Ball, location: 2F
2-2: Ball
3-2: Foul Ball, location: 2F
3-2: Fly out, F7 (Flyball, 7S)
Batting: LHB Josh Platt 0-0: Called Strike
0-1: Ball
1-1: Ball
2-1: Fly out, F6 (Line Drive, 6M)
Bottom of the 5th over - 0 runs, 0 hits, 0 errors, 1 left on base; Oakland 0 - Detroit 2
TOP OF THE 6TH
Oakland Oaks batting - Pitching for Detroit Renaissance : RHP Jimmy O'Flahavan
Batting: RHB Ricardo Téllez 0-0: Foul Ball, location: 2F
0-1: Ball
1-1: Foul Ball, location: 2F
1-2: Ground out 6-3 (Groundball, 56)
Batting: RHB Joseph Papasogli 0-0: Ball
1-0: Fly out, F5 (Popup, 56)
Batting: SHB Luis Luquín 0-0: Swinging Strike
0-1: Ground out U3 (Groundball, 3S)
Top of the 6th over - 0 runs, 0 hits, 0 errors, 0 left on base; Oakland 0 - Detroit 2
BOTTOM OF THE 6TH
Detroit Renaissance batting - Pitching for Oakland Oaks : RHP Panda Montana
Batting: LHB Javier Sánchez 0-0: Ball
1-0: Called Strike
1-1: Foul Ball, location: 2F
1-2: Ball
2-2: Ball
3-2: Base on Balls
Batting: LHB Todd Henry 0-0: Ball
1-0: Fly out, F8 (Flyball, 8RXD)
Pitching: RHP Lyle Lanley
Batting: LHB Alexis Raimbault 0-0: Ball
1-0: Called Strike
1-1: Foul Ball, location: 2F
1-2: Ball
Passed Ball!
Javier Sánchez to second
2-2: Ball
3-2: Fly out, F8 (Line Drive, 8RM)
Batting: RHB Moisés Quintana 0-0: Called Strike
0-1: Foul Ball, location: 2F
0-2: Ball
1-2: SINGLE (Flyball, 7LM) - OUT at second base trying to stretch hit.
Javier Sánchez scores
Bottom of the 6th over - 1 run, 1 hit, 0 errors, 0 left on base; Oakland 0 - Detroit 3
TOP OF THE 7TH
Oakland Oaks batting - Pitching for Detroit Renaissance : RHP Jimmy O'Flahavan
Batting: RHB Alfonso Nazario 0-0: Fly out, F4 (Line Drive, 4)
Batting: RHB Yehonatan Chazan 0-0: Foul Ball, location: 2F
0-1: Foul Ball, location: 2F
0-2: Ball
1-2: Ball
2-2: Strikes out looking
Batting: RHB Mike Wazowski 0-0: Called Strike
0-1: Ball
1-1: Foul Ball, location: 2F
1-2: Foul Ball, location: 2F
1-2: Strikes out swinging
Top of the 7th over - 0 runs, 0 hits, 0 errors, 0 left on base; Oakland 0 - Detroit 3
BOTTOM OF THE 7TH
Detroit Renaissance batting - Pitching for Oakland Oaks : RHP Lyle Lanley
Batting: LHB Elian Gonzalez 0-0: Called Strike
0-1: Ball
1-1: Fly out, F5 (Popup, 56S)
Batting: SHB David Martínez 0-0: Swinging Strike
0-1: Ball
1-1: Ball
2-1: Swinging Strike
2-2: Strikes out swinging
Batting: RHB Sixto Estrada 0-0: Ball
1-0: Swinging Strike
1-1: Ball
2-1: Foul Ball, location: 2F
2-2: Strikes out looking
Bottom of the 7th over - 0 runs, 0 hits, 0 errors, 0 left on base; Oakland 0 - Detroit 3
TOP OF THE 8TH
Oakland Oaks batting - Pitching for Detroit Renaissance : RHP Jimmy O'Flahavan
Batting: RHB Colin O'Connell 0-0: Ball
1-0: Ball
2-0: Called Strike
2-1: Foul Ball, location: 2F
2-2: Reached on error, E3 (Groundball, 34)
Batting: RHB Mark Finney 0-0: Called Strike
0-1: Foul Ball, location: 2F
0-2: Fly out, F8 (Line Drive, 8LM)
Batting: SHB Orlando Villa 0-0: Fly out, F7 (Flyball, 7LSF)
Batting: RHB Ricardo Téllez 0-0: SINGLE (Groundball, 6M) (infield hit)
Colin O'Connell to second
Batting: RHB Joseph Papasogli 0-0: Ball
1-0: SINGLE (Groundball, 56D)
Colin O'Connell to third
Ricardo Téllez to second
Runner from 3rd tries for Home, SAFE, no throw
Batting: SHB Luis Luquín 0-0: Called Strike
0-1: SINGLE (Groundball, 4D)
Ricardo Téllez to third
Joseph Papasogli to second
Runner from 3rd tries for Home, SAFE, no throw
Batting: RHB Alfonso Nazario 0-0: Ball
1-0: Swinging Strike
1-1: Foul Ball, location: 2F
1-2: Ball
2-2: Ball
3-2: Base on Balls
Joseph Papasogli to third
Luis Luquín to second
Batting: RHB Yehonatan Chazan 0-0: Ball
Passed Ball!
Joseph Papasogli scores
Luis Luquín to third
Alfonso Nazario to second
1-0: Called Strike
1-1: Called Strike
1-2: Strikes out swinging
Top of the 8th over - 3 runs, 3 hits, 1 error, 2 left on base; Oakland 3 - Detroit 3
BOTTOM OF THE 8TH
Detroit Renaissance batting - Pitching for Oakland Oaks : RHP Lyle Lanley
Batting: RHB Pablo Marrero 0-0: Foul Ball, location: 2F
0-1: Ball
1-1: Ball
2-1: Foul Ball, location: 2F
2-2: Foul Ball, location: 2F
2-2: Foul Ball, location: 2F
2-2: Ball
3-2: Base on Balls
Batting: LHB Josh Platt 0-0: Bunted foul
0-1: Sac Bunt - play at first, batter OUT! 2-4
Pablo Marrero to second
Batting: LHB Javier Sánchez 0-0: Called Strike
0-1: Ball
1-1: Fly out, F4 (Line Drive, 34)
Batting: LHB Todd Henry 0-0: Ball
1-0: Foul Ball, location: 2F
1-1: Swinging Strike
1-2: Foul Ball, location: 2F
1-2: Ball
2-2: Foul Ball, location: 2F
2-2: Ball
3-2: Foul Ball, location: 2F
3-2: Foul Ball, location: 2F
3-2: Hit by Pitch
Pitching: LHP Cisco Flores
Batting: LHB Alexis Raimbault 0-0: Called Strike
0-1: Ball
1-1: Foul Ball, location: 2F
1-2: Strikes out swinging
Bottom of the 8th over - 0 runs, 0 hits, 0 errors, 2 left on base; Oakland 3 - Detroit 3
TOP OF THE 9TH
Oakland Oaks batting - Pitching for Detroit Renaissance : RHP Jimmy O'Flahavan
Batting: RHB Mike Wazowski 0-0: SINGLE (Line Drive, 56)
Pitching: RHP Esteban Ruíz
Batting: RHB Colin O'Connell 0-0: Ball
1-0: Grounds into double play, 6-4-3 (Groundball, 6)
Batting: RHB Mark Finney 0-0: Ball
1-0: Ball
2-0: Ball
3-0: Called Strike
3-1: SINGLE (Groundball, 6MD)
Batting: SHB Orlando Villa 0-0: Called Strike
0-1: Ball
1-1: Ground out 4-3 (Groundball, 4D)
Top of the 9th over - 0 runs, 2 hits, 0 errors, 1 left on base; Oakland 3 - Detroit 3
BOTTOM OF THE 9TH
Detroit Renaissance batting - Pitching for Oakland Oaks : LHP Cisco Flores
Pitching: RHP Chae-seong Kim
Pinch Hitting: LHB Bartolo Benítez 0-0: Called Strike
0-1: Ball
1-1: Foul Ball, location: 2F
1-2: SINGLE (Flyball, 7S)
Pinch Runner at 1st Jesús Román:
Batting: LHB Elian Gonzalez 0-0: Ball
1-0: Called Strike
1-1: Bunted foul
1-2: DOUBLE (Line Drive, 7LD)
Jesús Román to third
Runner from 3rd tries for Home, SAFE, no throw
Tuesday, June 12th, 2018 - OOTP Baseball 18.8 Build 76